 Dungeon Crawl Stone Soup version 0.26.1-16-g4e020e15dc (webtiles) character file.

Game seed: 17057988720712231509

2706 Froggeryz the Slicer (level 9, -3/64 HPs)
             Began as an Octopode Berserker on Mar 31, 2023.
             Was an Elder of Trog.
             Slain by an unseen horror (9 damage)
             ... on level 7 of the Dungeon.
             The game lasted 00:06:57 (8497 turns).

Froggeryz the Slicer (Octopode Berserker)           Turns: 8497, Time: 00:06:58

Health: -3/64      AC:  1    Str: 16    XL:     9   Next: 65%
Magic:  9/9        EV: 14    Int: 10    God:    Trog [****..]
Gold:   523        SH:  0    Dex: 14    Spells: 8/8 levels left

rFire    . . .     SeeInvis .   y - +0 short sword (venom)
rCold    . . .     Faith    .   (no shield)
rNeg     + . .     Spirit   .   (helmet restricted)
rPois    .         Reflect  .   (no amulet)
rElec    .         Harm     .   s - ring of positive energy
rCorr    .         Rampage  .   (no ring)
Will     .....                  (no ring)
Stlth    ++........             (no ring)
HPRegen  0.20/turn              (no ring)
MPRegen  0.11/turn              (no ring)
                                (no ring)
                                (no ring)

@: no status effects
A: almost no armour, stealthy swim, amphibious, 8 rings, constrict 8, camouflage
1, gelatinous body 1
a: Renounce Religion, Berserk, Trog's Hand, Brothers in Arms


You were on level 7 of the Dungeon.
You worshipped Trog.
Trog was greatly pleased with you.
You visited 2 branches of the dungeon, and saw 8 of its levels.

You collected 538 gold pieces.
You spent 15 gold pieces at shops.

Inventory:

Hand Weapons
 y - a +0 short sword of venom (weapon)
Missiles
 g - 60 poisoned darts (quivered)
 i - 16 javelins
Jewellery
 h - an uncursed ring of fire
 j - an uncursed ring of fire
 s - a ring of positive energy (left tentacle)
 D - a +4 ring of evasion {unknown}
Wands
 x - a wand of polymorph (5)
 B - a wand of iceblast (17)
Scrolls
 a - a scroll of random uselessness {unknown}
 c - 6 scrolls of remove curse
 f - a scroll of summoning {unknown}
 l - a scroll of teleportation {unknown}
 m - 3 scrolls of amnesia {unknown}
 n - 2 scrolls of identify
 o - 2 scrolls of enchant armour
 v - a scroll of enchant weapon {unknown}
 w - 2 scrolls of fear
 A - a scroll of fog {unknown}
 E - a scroll of noise {unknown}
Potions
 b - a potion of magic
 d - a potion of curing
 e - 3 potions of haste {unknown}
 k - a potion of ambrosia
 p - a potion of flight {unknown}
 q - 2 potions of cancellation {unknown}
 t - a potion of attraction {unknown}
 u - 3 potions of berserk rage {unknown}
 z - a potion of heal wounds {unknown}
 C - a potion of invisibility {unknown}
 F - a potion of lignification {unknown}


   Skills:
 + Level 7.1 Fighting
 * Level 9.7 Short Blades
 - Level 6.0 Throwing
 + Level 3.4 Dodging


You had 8 spell levels left.
You didn't know any spells.
Your spell library was empty.

Dungeon Overview and Level Annotations

Branches:
Dungeon (7/15)             Temple (1/1) D:6

Altars:
Elyvilon
Hepliaklqana
Makhleb
Okawaru
Sif Muna
Trog
Uskayaw
Vehumet
Wu Jian
Xom
Yredelemnul
The Shining One

Shops:
D:5 !


Innate Abilities, Weirdness & Mutations

You cannot wear most types of armour.
You are very stealthy in the water. (Stealth+)
You are amphibious.
You can wear up to eight rings at the same time.
You can use your tentacles to constrict eight enemies at once.
Your skin changes colour to match your surroundings (Stealth+).
Your rubbery body absorbs attacks. (AC +1, EV +1)


Message History

You are too injured to fight recklessly!
You are too injured to fight recklessly!
You are too injured to fight recklessly!
You are too injured to fight recklessly!
You are too injured to fight recklessly!
Something closely misses you. Something barely misses you.
There is an open door here.
Something hits you!
* * * LOW HITPOINT WARNING * * *
Deactivating autopickup; reactivate with Ctrl-A.
Something hits you but does no damage.
Blink to where?
Press: ? - help, Dir - move target
As you read the scroll of blinking, it crumbles to dust.
There is an escape hatch in the ceiling here.
Something hits you.
* * * LOW HITPOINT WARNING * * *
Something hits you!
You die...

#......#....._.......
#......#.............
#......#.............#
#......+...#.........+
#......#...#.........#
#......# #.........#
#......#####.........#
#....................#
#..>.@...............#
#....................#
#....................#
#######......[.....).#
#..............#
#..............#
#..............#
#.....###'#....#
#.....#...+....+


There were no monsters in sight!

Vanquished Creatures
  Pikel (D:4)
  Grinder (D:6)
  Eustachio (D:4)
  A water moccasin (D:5)
  A necrophage (D:6)
  A phantom (D:3)
  2 ice beasts
  An ogre (D:3)
  A centaur (D:5)
  3 bullfrogs
  4 scorpions
  2 howler monkeys (D:4)
  A crimson imp (D:6)
  A quasit (D:6)
  6 hounds
  A centaur skeleton (D:4)
  2 orc priests (D:3)
  A bullfrog skeleton (D:4)
  An iguana (D:5)
  5 orc wizards
  4 worker ants
  5 gnolls (D:4)
  4 adders
  A shadow imp (D:6)
  4 ufetubi
  An adder zombie (D:6)
  5 worms
  2 dart slugs
  3 leopard geckos
  18 orcs
  A ball python (D:6)
  4 giant cockroaches
  7 goblins
  3 hobgoblins
  16 jackals
  3 quokkas
  7 bats
  4 frilled lizards
  A goblin skeleton (D:6)
  A goblin zombie (D:6)
  3 hobgoblin zombies (D:6)
  A jackal skeleton (D:4)
  2 kobolds
  A kobold skeleton (D:6)
  A kobold zombie (D:6)
  2 leopard gecko skeletons
  An orc zombie (D:6)
  A quokka skeleton (D:4)
  7 rats
150 creatures vanquished.

Vanquished Creatures (others)
  6 fungi (D:6)
  4 toadstools (D:6)
10 creatures vanquished.

Grand Total: 160 creatures vanquished

Notes
Turn   | Place    | Note
-------+----------+-------------------------------------------
     0 | D:1      | Froggeryz the Octopode Berserker began the quest for the
                  | Orb.
     0 | D:1      | Reached XP level 1. HP: 16/16 MP: 1/1
   371 | D:1      | Reached XP level 2. HP: 21/21 MP: 2/2
   804 | D:2      | Reached skill level 1 in Throwing
   958 | D:2      | Found a faded altar of an unknown god.
  1000 | D:2      | Reached XP level 3. HP: 26/26 MP: 3/3
  1291 | D:2      | Found a bloodstained altar of Trog.
  1748 | D:3      | Noticed an ogre
  1758 | D:3      | Killed an ogre
  1759 | D:3      | Reached skill level 4 in Short Blades
  1759 | D:3      | Reached XP level 4. HP: 24/33 MP: 4/4
  1759 | D:3      | Reached XP level 5. HP: 27/37 MP: 5/5
  1948 | D:3      | Reached ** piety under Trog
  2412 | D:3      | Reached skill level 5 in Short Blades
  2416 | D:3      | Reached XP level 6. HP: 38/43 MP: 6/6
  2888 | D:3      | Noticed a phantom
  2917 | D:3      | Killed a phantom
  3214 | D:4      | Noticed Pikel
  3235 | D:4      | Killed Pikel
  3236 | D:4      | Reached skill level 5 in Fighting
  3236 | D:4      | Reached skill level 6 in Short Blades
  3236 | D:4      | Reached XP level 7. HP: 12/50 MP: 7/7
  3484 | D:4      | Noticed Eustachio
  3507 | D:4      | Killed Eustachio
  3508 | D:4      | Reached skill level 7 in Short Blades
  3508 | D:4      | Reached XP level 8. HP: 34/56 MP: 8/8
  5206 | D:5      | Entered Level 5 of the Dungeon
  5284 | D:5      | Reached skill level 8 in Short Blades
  5284 | D:5      | Reached skill level 5 in Throwing
  5488 | D:5      | Found Rod Berr's Distillery.
  5497 | D:5      | Bought a potion of degeneration for 15 gold pieces
  5701 | D:5      | Found a shimmering blue altar of Sif Muna.
  5701 | D:5      | Found a glowing golden altar of the Shining One.
  5707 | D:5      | Reached XP level 9. HP: 55/62 MP: 9/9
  5830 | D:5      | Reached *** piety under Trog
  6254 | D:5      | Found an ornate altar of the Wu Jian Council.
  6470 | D:5      | Found a radiant altar of Vehumet.
  6472 | D:5      | Found a hazy altar of Hepliaklqana.
  7019 | D:6      | Found a glowing golden altar of the Shining One.
  7040 | D:6      | Reached skill level 9 in Short Blades
  7623 | D:6      | Noticed Grinder
  7635 | D:6      | Killed Grinder
  7874 | D:6      | Found a staircase to the Ecumenical Temple.
  8206 | D:6      | Reached **** piety under Trog
  8330 | Temple   | Entered the Ecumenical Temple
  8410 | D:7      | Found a burning altar of Makhleb.
  8480 | D:7      | Noticed a two-headed ogre
  8497 | D:7      | Slain by an unseen horror

Illustrated notes

Levels and vault maps discovered:
D:1:      dpeg_arrival_arbitrary_a, layout_basic, grunt_decor_cap,
          serial_bayou_pond_e
D:2:      layout_basic, lightli_temple_of_fire, chequers_ecumenical_altar_twisty
D:3:      layout_basic, minmay_misc_feat_tower, minivault_27, st_stairs_10
D:4:      layout_loops_corners, minmay_increasing_density, uniq_eustachio,
          uniq_pikel
D:5:      layout_gridville, nicolae_overflow_hidden_temple, serial_shops,
          nicolae_shop_crystal
D:6:      layout_loops_corners, minmay_temple_entry_nine_rooms,
          minmay_gold_behind_fungi, minmay_misc_feat_enclosed,
          nicolae_tso_besieged_by_evil, uniq_grinder
D:7:      minmay_blocky_corners, layout_gridville, basic_altar,
          grunt_ministairs_10, minmay_misc_feat_five
Temple:   cyrus_circular_temple

Skill      XL: |  1  2  3  4  5  6  7  8  9 |
---------------+----------------------------+-----
Throwing       | 1 2 3 4 5 6 |  6.0
Short Blades   | 4 5 6 7 8 9 |  9.7
Fighting       | 4 5 6 7 |  7.1
Dodging        | |  3.4

Action                   |  1- 3 |  4- 6 |  7- 9 || total
-------------------------+-------+-------+-------++-------
Melee: Short sword       |    50 |    92 |   263 ||   405
       Constrict         |    12 |    16 |    71 ||    99
       Tentacles         |     7 |    21 |    72 ||   100
       Unarmed           |       |       |    16 ||    16
Invok: Berserk           |     1 |     2 |     1 ||     4
       Trog's Hand       |       |       |     1 ||     1
  Use: Potion            |       |     3 |       ||     3
       Scroll            |       |       |     5 ||     5
 Stab: Sleeping          |     3 |     4 |     9 ||    16
       Distracted        |       |       |     1 ||     1
Armor: Skin              |     4 |     5 |     7 ||    16
Dodge: Dodged            |    20 |    41 |   169 ||   230
